 Dungeon Crawl Stone Soup version 0.31-a0-217-g58bb5d79cf (webtiles) character file.

Game seed: 5222696522887245343

21 qw the Shield-Bearer (level 2, -4/19 HPs)
             Began as a Gargoyle Fighter on July 2, 2023.
             Slain by Sigmund
             ... wielding a +0 scythe
              (8 damage)
             ... on level 2 of the Dungeon.
             The game lasted 00:00:36 (1178 turns).

qw the Shield-Bearer (Gargoyle Fighter)             Turns: 1178, Time: 00:00:36

Health: -4/19      AC: 13    Str: 19    XL:     2   Next: 87%
Magic:  2/2        EV:  9    Int:  8    God:
Gold:   42         SH:  4    Dex:  9    Spells: 1/1 levels left

rFire   . . .        Y - +0 war axe
rCold   . . .        c - +0 buckler
rNeg    + . .        b - +0 scale mail
rPois   inf          n - +1 helmet
rElec   +            (no cloak)
rCorr   .            r - +1 pair of gloves
SInv    .            (no boots)
Will    .....        (no amulet) Stlth
                     (no ring)
HPRegen 0.23/turn    (no ring)
MPRegen 0.08/turn

%: no passive effects
@: no status effects
A: sickness immunity, AC +2, negative energy resistance 1, electricity
resistance, torment resistance 1, petrification resistance
a: no special abilities


You were on level 2 of the Dungeon.
You visited 1 branch of the dungeon, and saw 2 of its levels.

You collected 42 gold pieces.


Innate Abilities, Weirdness & Mutations

You are immune to sickness and miasma.
Your stone body is resilient. (AC +2)
You are immune to poison.
You resist negative energy. (rN+)
You are resistant to electric shocks. (rElec)
You are resistant to unholy torment.
You are immune to petrification.


   Skills:
 - Level 3.2 Fighting
 + Level 3.0 Axes
 - Level 3.2 Armour
 - Level 3.2 Shields


You had one spell level left.
You didn't know any spells.
Your spell library was empty.

Inventory:

Hand Weapons
 k - a +0 whip
 Y - a +0 war axe (weapon)
Armour
 a - a +0 chain mail
 b - a +0 scale mail (worn)
 c - a +0 buckler (worn)
 n - a +1 helmet (worn)
 r - a +1 pair of gloves (worn)
Scrolls
 g - a scroll of brand weapon {unknown}
 i - a scroll of enchant armour {unknown}
 j - a scroll of vulnerability {unknown}
Potions
 d - a potion of might
 e - a potion of degeneration {unknown}
 f - a potion of magic {unknown}
 h - a potion of mutation {unknown}
 m - a potion of enlightenment {unknown}
 o - a potion of attraction
 q - a potion of cancellation

Dungeon Overview and Level Annotations

Branches:
Dungeon (2/15)

Altars:

Annotations:
D:2 Sigmund


Message History

Enter note:
Enter note:
Enter note:
Enter note: You slash the endoplasm!
You kill the endoplasm!
Something hits you.
Your Axes skill increases to level 3!
You swing at nothing.
Something hits you.
You swing at nothing.
Something hits you but does no damage.
You swing at nothing.
Something hits you.
You swing at nothing.
Something hits you!
A frilled lizard comes into view.
Enter note:
Enter note:
Enter note:
Enter note:
Enter note:
Enter note: Something tries to affect you, but you resist.
Enter note:
Enter note:
Enter note:
Enter note:
Enter note:
Enter note: You closely miss the frilled lizard.
The frilled lizard bites you but does no damage.
You barely miss the frilled lizard. Something hits you.
The frilled lizard closely misses you.
You closely miss the frilled lizard. You block the frilled lizard's attack.
Something hits you but does no damage.
The frilled lizard completely misses you.
You closely miss the frilled lizard. Something hits you!
You die...

#......................
#...................... ..
###.....###...........
...####...#####...........
...........##.............
#.........................
#........................
#................
.........@.......
......##.l....... ......
#......... ......
#......... ###...
.......... #. ...........
........... ............


You could see a frilled lizard.

Vanquished Creatures
  A dart slug (D:2)
  An orc (D:2)
  2 endoplasms
  5 goblins
  3 hobgoblins
  A quokka (D:1)
  3 bats
  A kobold (D:1)
17 creatures vanquished.

Notes
Turn   | Place    | Note
-------+----------+-------------------------------------------
     0 | D:1      | qw the Gargoyle Fighter began the quest for the Orb.
     0 | D:1      | Reached XP level 1. HP: 14/14 MP: 1/1
     0 | D:1      | 0 ||| qw: Version: 0.3-a-40-ge99b1a8
     0 | D:1      | 0 ||| qw: Game counter: 7996
     0 | D:1      | 0 ||| qw: Melee chars always use a shield: true
     0 | D:1      | 0 ||| qw: God list: Okawaru
     0 | D:1      | 0 ||| qw: Allow faded altars: false
     0 | D:1      | 0 ||| qw: Do Orc after clearing Dungeon:15 true
     0 | D:1      | 0 ||| qw: Do second Lair branch before Depths: true
     0 | D:1      | 0 ||| qw: Lair rune preference: random
     0 | D:1      | 0 ||| qw: Goals: Normal, Zot:1-4, Slime:5, God:TSO, Crypt,
                  | Tomb, Abyss, Pan, Hells, Win
     0 | D:1      | 0 ||| PLANNING D:1-11
   138 | D:1      | 138 ||| Stepping ~*~*~tactically~*~*~ (hiding).
   139 | D:1      | 139 ||| Stepping ~*~*~tactically~*~*~ (hiding).
   246 | D:1      | 246 ||| DROPPING +0 club.
   417 | D:1      | Reached XP level 2. HP: 19/19 MP: 2/2
   428 | D:1      | Found a faded altar of an unknown god.
   857 | D:1      | 857 ||| UPGRADING to +0 pair of gloves.
   862 | D:1      | 862 ||| UPGRADING to +1 helmet.
   867 | D:1      | 867 ||| UPGRADING to +1 pair of gloves.
   877 | D:1      | 877 ||| DROPPING +0 pair of gloves.
   878 | D:1      | 878 ||| READING scroll labelled MOGETE GI MESA.
   883 | D:1      | 883 ||| READING scroll labelled QYEGIO ZEOXZE.
   884 | D:1      | 884 ||| READING scroll labelled DUCHOIGUAN.
   885 | D:1      | 885 ||| READING 3 scrolls labelled URESEQ RYOWOO.
   886 | D:1      | 886 ||| READING scroll labelled FIXAOGYHIR.
   887 | D:1      | 887 ||| READING scroll labelled DUUFER ETOR.
   888 | D:1      | 888 ||| DRINKING 2 yellow potions.
   889 | D:1      | 889 ||| DRINKING 2 sapphire potions.
   890 | D:1      | 890 ||| DROPPING 2 scrolls of amnesia.
  1065 | D:2      | 1065 ||| Stepping ~*~*~tactically~*~*~ (stealth).
  1163 | D:2      | Noticed Sigmund
  1168 | D:2      | Reached skill level 3 in Axes
  1171 | D:2      | HP: 3/19 [something (8)]
  1176 | D:2      | HP: 3/19 [something (1)]
  1178 | D:2      | Slain by Sigmund

Levels and vault maps discovered:
D:1:      ncdulo_lavacross, layout_basic, basic_ecumenical_altar
D:2:      layout_basic, uniq_terence, uniq_sigmund

Skill      XL: |  1  2 |
---------------+-------+-----
Axes           | 2 3 |  3.0
Fighting       | |  3.2
Armour         | |  3.2
Shields        | |  3.2

Action                     || total
---------------------------++-------
  Melee: War axe           ||    79
    Use: Scroll            ||     6
         Potion            ||     2
 Armour: Scale mail        ||    44
  Dodge: Dodged            ||    29
  Block: Buckler           ||    21

Table legend:
 A = Non-vault XP
 B = Vault XP
 C = Vault XP percentage of total XP
 D = Non-vault monster count
 E = Vault monster count
 F = Vault count percentage of total count
                 A         B        C        D         E       F
            +---------+---------+-------+---------+---------+-------
      Total |      31 |       0 |   0.0 |      17 |       0 |   0.0
            +---------+---------+-------+---------+---------+-------
        D:1 |      15 |       0 |   0.0 |      10 |       0 |   0.0
        D:2 |      16 |       0 |   0.0 |       7 |       0 |   0.0
            +---------+---------+-------+---------+---------+-------
